 Dungeon Crawl Stone Soup version 0.25-a0-517-gf8b3a32422 (webtiles) character file.

Game seed: 15190911252081930786, levelgen mode: deterministic

25923 Flugslaktarn the Cleaver (level 12, 61/115 HPs)
             Began as a Deep Dwarf Fighter on Feb 17, 2020.
             Was an Elder of Makhleb.
             Quit the game on level 4 of the Abyss on Feb 18, 2020.
             The game lasted 00:07:51 (8242 turns).

Flugslaktarn the Cleaver (Deep Dwarf Fighter)       Turns: 8242, Time: 00:07:52

Health: 61/115     AC: 17    Str: 29    XL:     12   Next: 93%
Magic:  5/5        EV:  7    Int: 13    God:    Makhleb [****..]
Gold:   358        SH: 18    Dex: 12    Spells: 11/11 levels left

rFire    + + .     SeeInvis +   j - +0 war axe (elec)
rCold    + . .     Gourm    .   y - +0 tower shield
rNeg     . . .     Faith    .   b - +0 scale mail
rPois    +         Spirit   .   g - +2 helmet
rElec    .         Reflect  .   l - +1 cloak {rPois}
rCorr    .         Harm     .   (no gloves)
MR       +....                  i - +2 pair of boots
Stlth    ..........             (no amulet)
HPRegen  0.00/turn              s - ring of the Nine Coins {rF+ rC+ Int+3 SInv}
MPRegen  0.09/turn              f - ring of protection from fire

@: mighty, non-regenerating, wreathed by umbra, heavily drained
A: damage resistance, heal wounds, sense surroundings 2, no regeneration
a: Heal Wounds, Minor Destruction, Lesser Servant of Makhleb, Major Destruction,
Renounce Religion


You were on level 4 of the Abyss.
You worshipped Makhleb.
Makhleb was greatly pleased with you.
You were hungry.

You visited 2 branches of the dungeon, and saw 14 of its levels.
You visited the Abyss 1 time.
You also visited: Ice Cave.

You collected 705 gold pieces.
You spent 347 gold pieces at shops.

Inventory:

Hand Weapons
 j - a +0 war axe of electrocution (weapon)
   (You bought it in a shop on level 5 of the Dungeon)
 J - the +9 morningstar of Lava {freeze, rC+ MR+ Int+4}
   (You found it on level 6 of the Dungeon)

   It has been specially enchanted to freeze those struck by it, causing extra
   injury to most foes and up to half again as much damage against particularly
   susceptible opponents.
   It can also slow down cold-blooded creatures.
   It affects your intelligence (+4).
   It protects you from cold.
   It affects your resistance to hostile enchantments.
Missiles
 p - a throwing net (quivered)
Armour
 b - a +0 scale mail (worn)
 c - a +0 kite shield
 g - a +2 helmet (worn)
   (You found it on level 5 of the Dungeon)
 i - a +2 pair of boots (worn)
   (You found it on level 2 of the Dungeon)
 l - a +1 cloak of poison resistance (worn)
   (You bought it in a shop on level 7 of the Dungeon)
 y - a +0 tower shield (worn)
   (You bought it in a shop on level 7 of the Dungeon)
Jewellery
 f - a ring of protection from fire (right hand)
   (You found it on level 4 of the Dungeon)
 o - an uncursed ring of poison resistance
   (You found it on level 8 of the Dungeon)
 s - the ring of the Nine Coins (left hand) {rF+ rC+ Int+3 SInv}
   (You acquired it on level 8 of the Dungeon)

   [ring of see invisible]

   It affects your intelligence (+3).
   It protects you from fire.
   It protects you from cold.
   It lets you see invisible.
 x - an uncursed ring of protection from magic {unknown}
   (You found it on level 11 of the Dungeon)
Wands
 a - a wand of acid (12)
   (You found it on level 6 of the Dungeon)
 v - a wand of digging (5)
   (You found it in an ice cave)
 A - a wand of clouds (5)
   (You found it on level 9 of the Dungeon)
 D - a wand of iceblast (1)
   (You took it off an orc on level 10 of the Dungeon)
Scrolls
 k - 4 scrolls of enchant weapon
 m - 5 scrolls of immolation
 n - a scroll of enchant armour
 r - 3 scrolls of identify
 t - 7 scrolls of teleportation
 w - 3 scrolls of remove curse
 z - a scroll of blinking
 C - a scroll of fear
 G - 2 scrolls of magic mapping {unknown}
 K - a scroll of silence {unknown}
 L - a scroll of fog {unknown}
Potions
 d - a potion of might
 h - 3 potions of flight
 q - 5 potions of curing
 u - 2 potions of heal wounds
 B - a potion of invisibility
 E - a potion of mutation
 F - a potion of brilliance
 H - 2 potions of lignification
 I - a potion of magic {unknown}
 N - 2 potions of agility {unknown}
Comestibles
 e - 22 rations
 M - 2 chunks of flesh


   Skills:
 + Level 9.6(7.7) Fighting
 * Level 14.7(12.6) Axes
 + Level 11.3(9.3) Armour
 + Level 11.2(9.3) Shields


You had 11 spell levels left.
You didn't know any spells.
Your spell library was empty.

Dungeon Overview and Level Annotations

Branches:
Dungeon (13/15)            Temple (1/1) D:6            Lair (0/6) D:11
    Orc (0/2) D:9           IceCv (visited)
 Vaults: D:13-14

Altars:
Ashenzari
Cheibriados
Dithmenos
Elyvilon
Hepliaklqana
Makhleb
Nemelex Xobeh
Okawaru
Qazlal
Ru
Sif Muna
Trog
Wu Jian
Xom
Yredelemnul
Zin
The Shining One

Shops:
D:5 (   D:7 [   D:8 [   D:11 *


Innate Abilities, Weirdness & Mutations

You are resistant to damage.
You can heal yourself by infusing magical energy.
You passively map the area around you.
You do not regenerate.


Message History

The profane servitor hits you but does no damage.
Your hellwing barely misses the profane servitor.
Your hellwing closely misses the profane servitor.
You barely miss the profane servitor.
The profane servitor is heavily damaged.
You block the profane servitor's attack.
The profane servitor closely misses you.
A starcursed mass comes into view.
You block the profane servitor's attack.
The profane servitor hits you with a +1 demon whip of flaming.
You feel much better.
Your hellwing hits the profane servitor!
Your hellwing closely misses the profane servitor.
A starcursed mass splits.
The profane servitor hits you with a +1 demon whip of flaming!
The profane servitor draws strength from your injuries!
The profane servitor burns you.
The profane servitor hits you with a +1 demon whip of flaming.
Okay, then.
Are you sure you want to abandon this character and quit the game? (Confirm with "yes".)

.. .. . #. . ♣# ..
(. . .##..X . .# .
. ## ..X.. §A. . .
. ...... .... # . #
..3.... .. .. . . #
.##'#####....# . #
##...........# ..
#.#####.........#.+
#........@A4..... #
............##'
..#.....#.....# .
#.[.........#
#....######## #....
#.... #....


You could see a profane servitor, 2 starcursed masses, a smoke demon and a
friendly hellwing.

Vanquished Creatures
  Gastronok (D:8)
  An ice dragon (D:12)
  A centaur warrior (D:13)
  A hydra (D:13)
  2 two-headed ogres
  2 tengu warriors
  An unseen horror (D:11)
  2 deep elf magi
  An ugly thing (IceCv)
  2 cyclopes
  A centaur zombie (D:11)
  2 smoke demons (Abyss:4)
  A gargoyle (D:11)
  2 ice statues (IceCv)
  Psyche (D:9)
  A large abomination (Abyss:4)
  A komodo dragon (D:11)
  A tengu conjurer (D:10)
  3 polar bears (D:12)
  2 trolls
  3 hippogriffs
  3 raiju (Abyss:4)
  2 shadows
  13 yaks
  4 hogs (D:7)
  4 wyverns
  Eustachio (D:6)
  3 wraiths
  2 hungry ghosts
  A human (D:7)
  2 small abominations (Abyss:4)
  An acid dragon (D:11)
  A soldier ant (D:12)
  A black bear (D:6)
  7 ice beasts
  4 orc warriors
  2 sky beasts
  A phantom (D:6)
  14 centaurs
  A wolf (D:12)
  13 ogres
  2 crocodiles (D:8)
  A big kobold (D:9)
  10 bullfrogs
  A gnoll sergeant (D:8)
  5 killer bees (D:10)
  3 wights (D:9)
  4 howler monkeys
  A bullfrog zombie (D:6)
  10 crimson imps
  3 jellies
  2 starcursed masses (Abyss:3)
  8 hounds
  3 orc priests
  8 orc wizards
  2 bullfrog skeletons
  A centaur skeleton (D:10)
  A gnoll shaman (D:4)
  4 iguanas
  7 worker ants
  A killer bee zombie (D:7)
  A hound zombie (D:8)
  A hound skeleton (D:4)
  3 worker ant zombies
  12 adders
  15 gnolls
  A howler monkey skeleton (D:4)
  6 shadow imps
  3 adder zombies
  3 adder skeletons
  A worm (D:4)
  2 dart slugs (D:3)
  3 leopard geckos
  57 orcs
  4 giant cockroaches
  2 goblins (D:2)
  5 hobgoblins
  8 jackals
  2 quokkas
  3 bats
  4 frilled lizards
  8 kobolds
  A quokka skeleton (D:4)
  A quokka zombie (D:5)
  A rat (D:3)
336 creatures vanquished.

Vanquished Creatures (collateral kills)
  An ugly thing (IceCv)
  An ice beast (IceCv)
2 creatures vanquished.

Vanquished Creatures (others)
  A lurking horror (Abyss:3)
  13 plants (D:11)
14 creatures vanquished.

Grand Total: 352 creatures vanquished

Notes
Turn   | Place    | Note
-------+----------+-------------------------------------------
     0 | D:1      | Flugslaktarn the Deep Dwarf Fighter began the quest for the
                  | Orb.
     0 | D:1      | Reached XP level 1. HP: 20/20 MP: 1/1
   102 | D:2      | Reached XP level 2. HP: 25/27 MP: 2/2
   359 | D:3      | Reached skill level 3 in Axes
   359 | D:3      | Reached XP level 3. HP: 14/33 MP: 3/3
   378 | D:3      | Reached XP level 4. HP: 16/42 MP: 4/4
   509 | D:3      | Found a hazy altar of Hepliaklqana.
   593 | D:4      | Reached XP level 5. HP: 24/49 MP: 4/4
   594 | D:4      | Reached skill level 4 in Axes
   665 | D:4      | Reached XP level 6. HP: 28/56 MP: 4/4
   733 | D:4      | Found a bloodstained altar of Trog.
   792 | D:4      | Reached skill level 5 in Axes
  1183 | D:4      | Found an ornate altar of the Wu Jian Council.
  1218 | D:5      | Entered Level 5 of the Dungeon
  1233 | D:5      | Reached XP level 7. HP: 28/64 MP: 5/5
  1270 | D:5      | Reached skill level 5 in Armour
  1270 | D:5      | Reached skill level 5 in Shields
  1284 | D:5      | Found Fepny's Weapon Shop.
  1295 | D:5      | Reached skill level 6 in Axes
  1527 | D:5      | Reached XP level 8. HP: 43/73 MP: 6/6
  1561 | D:5      | Found an iron altar of Okawaru.
  1561 | D:5      | Found a stormy altar of Qazlal.
  1870 | D:5      | Reached skill level 7 in Axes
  2332 | D:5      | Bought a +0 war axe of electrocution for 117 gold pieces
  2402 | D:6      | Reached skill level 5 in Fighting
  2461 | D:6      | Got a faintly glowing morningstar
  2468 | D:6      | Identified the +9 morningstar of Lava {freeze, rC+ MR+
                  | Int+4} (You found it on level 6 of the Dungeon)
  2714 | D:6      | Noticed Eustachio
  2729 | D:6      | Killed Eustachio
  2739 | D:6      | Reached skill level 8 in Axes
  2833 | D:6      | Found a staircase to the Ecumenical Temple.
  3047 | D:6      | Found a shadowy altar of Dithmenos.
  3111 | Temple   | Entered the Ecumenical Temple
  3244 | Temple   | Became a worshipper of Makhleb the Destroyer
  3384 | D:7      | Gained mutation: You passively map the area around you.
                  | [Deep Dwarf growth]
  3384 | D:7      | Reached XP level 9. HP: 77/81 MP: 7/7
  3394 | D:7      | Found a white marble altar of Elyvilon.
  3500 | D:7      | Reached skill level 9 in Axes
  3575 | D:7      | Found Peteedu's Armour Emporium.
  3791 | D:7      | Found a snail-covered altar of Cheibriados.
  3812 | D:7      | Reached * piety under Makhleb
  3901 | D:7      | Found a basalt altar of Yredelemnul.
  4145 | D:8      | Reached skill level 10 in Axes
  4246 | D:8      | Found a sparkling altar of Nemelex Xobeh.
  4336 | D:8      | Found Nidutaf's Armour Shoppe.
  4406 | D:8      | Noticed Gastronok
  4424 | D:8      | Killed Gastronok
  4424 | D:8      | Reached XP level 10. HP: 46/92 MP: 7/7
  4697 | D:8      | Reached skill level 11 in Axes
  4720 | D:8      | Found a sand-covered staircase.
  4962 | D:8      | Identified a scroll of acquirement
  4962 | D:8      | Identified the ring of the Nine Coins {rF+ rC+ Int+3 SInv}
                  | (You acquired it on level 8 of the Dungeon)
  5008 | D:7      | Bought a +1 cloak of poison resistance for 148 gold pieces
  5008 | D:7      | Bought a +0 tower shield for 49 gold pieces
  5117 | D:9      | Noticed Psyche
  5128 | D:9      | Killed Psyche
  5170 | D:9      | Reached ** piety under Makhleb
  5178 | D:9      | Found a staircase to the Orcish Mines.
  5712 | D:10     | Entered Level 10 of the Dungeon
  5792 | D:10     | Reached XP level 11. HP: 90/100 MP: 8/8
  5830 | D:10     | Reached *** piety under Makhleb
  5888 | D:10     | You fall into a shaft and drop 1 floor!
  5911 | D:11     | Reached skill level 12 in Axes
  6197 | D:10     | Noticed a tengu warrior
  6210 | D:10     | Killed a tengu warrior
  6468 | D:11     | Found a shimmering altar of Xom.
  6496 | D:11     | Found Tah Otwocli's General Store.
  6522 | D:11     | Bought a scroll of teleportation for 33 gold pieces
  6535 | D:11     | Noticed an unseen horror
  6542 | D:11     | Killed an unseen horror
  6730 | D:11     | Noticed a two-headed ogre
  6738 | D:11     | Killed a two-headed ogre
  6738 | D:11     | Reached skill level 13 in Axes
  6738 | D:11     | Reached skill level 10 in Armour
  6738 | D:11     | Reached skill level 10 in Shields
  6747 | D:11     | Found a staircase to the Lair.
  6759 | D:11     | Reached **** piety under Makhleb
  7045 | D:12     | Found a frozen archway.
  7046 | D:12     | Noticed an ice dragon
  7085 | D:12     | Killed an ice dragon
  7085 | D:12     | Reached XP level 12. HP: 74/112 MP: 8/8
  7199 | IceCv    | Entered an ice cave
  7200 | IceCv    | Found a transporter.
  7232 | IceCv    | Found a transporter.
  7686 | D:13     | Noticed a six-headed hydra
  7713 | D:13     | Killed a seven-headed hydra
  7713 | D:13     | Reached skill level 14 in Axes
  7882 | D:13     | Noticed a tengu warrior
  7890 | D:13     | Killed a tengu warrior
  7946 | D:13     | Noticed a two-headed ogre
  7952 | D:13     | Killed a two-headed ogre
  7958 | D:13     | Noticed a centaur warrior
  7972 | D:13     | Killed a centaur warrior
  8034 | D:13     | Cast into level 3 of the Abyss (a wizard)
  8034 | Abyss:3  | Found a corrupted altar of Lugonu.
  8034 | Abyss:3  | Found a corrupted altar of Lugonu.
  8074 | Abyss:3  | Found an iron altar of Okawaru.
  8078 | Abyss:3  | Noticed a starcursed mass
  8105 | Abyss:3  | Killed a starcursed mass
  8201 | Abyss:4  | Noticed a profane servitor
  8240 | Abyss:4  | Noticed a starcursed mass
  8242 | Abyss:4  | Quit the game

Levels and vault maps discovered:
D:1:      shiori_arrival_oz, layout_rooms, glass_columns_b, minivault_23,
          hangedman_decor_points
D:2:      layout_loops_corners, guppyfry_early_lair_pool
D:3:      layout_rooms, nicolae_overflow_crystal_walls, nemelex_altar_shiori
D:4:      layout_loops_ring, marbit_many_paths, bloody_trog
D:5:      layout_basic, chequers_temple_overflow_statue_of_worship,
          serial_shops, shop, first_ration
D:6:      minmay_general_purpose_star, layout_loops_ring, temple_pool_b,
          grunt_dithmenos_shadows, uniq_eustachio
D:7:      layout_loops_ring, cheibriados_altar_1, kennysheep_little_box,
          elyvilon_altar_3, serial_shops, nicolae_shop_statue_plus,
          grunt_livestock
D:8:      layout_gridville, nicolae_ossuary_entry_monument, serial_shops, shop,
          nemelex_lonely_heart_becter, uniq_gastronok
D:9:      layout_loops_ring, orc_0_dummy, uniq_psyche
D:10:     layout_roguey [special_room_orc]
D:11:     layout_loops_ring, david_lair_shrubbed, serial_shops, shop,
          basic_altar
D:12:     layout_basic, portal_ice_cave_entry_animals_and_master
D:13:     minmay_smoke_and_mirrors, layout_cave_pods, enter_bailey_3
Temple:   nicolae_temple_figure_eight
Abyss:4:  base: D:8, minivault_25_ag,
          dshaligram_kb_abyss_rune_zappy_water_cross, evilmike_abyss_exit_12

Skill      XL: |  1  2  3  4  5  6  7  8  9 10 11 12 |
---------------+-------------------------------------+-----
Axes           | 3 4 5 6 8 10 11 13 14 | 14.7
Fighting       | 3 4 5 6 7 8 9 |  9.6
Armour         | 4 5 6 8 9 10 11 | 11.3
Shields        | 4 5 6 8 9 10 11 | 11.2

Action                   |  1- 3 |  4- 6 |  7- 9 | 10-12 || total
-------------------------+-------+-------+-------+-------++-------
Melee: War axe           |    77 |   152 |   189 |   474 ||   892
       Morningstar       |       |       |   155 |   206 ||   361
Invok: Lesser Servant of |       |       |       |     7 ||     7
 Abil: Heal Wounds       |     1 |     6 |    12 |    25 ||    44
Evoke: Wand              |       |       |       |     3 ||     3
  Use: Scroll            |       |       |       |    23 ||    23
       Potion            |       |       |       |     1 ||     1
 Stab: Distracted        |       |       |       |     3 ||     3
  Eat: Chunk             |       |     2 |     9 |    14 ||    25
       Ration            |       |       |     1 |       ||     1
Armor: Scale mail        |    35 |    87 |   142 |   298 ||   562
Dodge: Dodged            |    23 |    57 |   104 |   163 ||   347
Block: Kite shield       |    56 |   111 |   208 |     7 ||   382
       Tower shield      |       |       |       |   693 ||   693

Table legend:
 A = Non-vault XP
 B = Vault XP
 C = Vault XP percentage of total XP
 D = Non-vault monster count
 E = Vault monster count
 F = Vault count percentage of total count
                 A         B        C        D         E       F
            +---------+---------+-------+---------+---------+-------
      Total |   27224 |    9810 |  26.5 |     281 |      57 |  16.9
            +---------+---------+-------+---------+---------+-------
        D:1 |       1 |       0 |   0.0 |       1 |       0 |   0.0
        D:2 |      32 |       0 |   0.0 |      12 |       0 |   0.0
        D:3 |     126 |       0 |   0.0 |      19 |       0 |   0.0
        D:4 |     463 |      14 |   2.9 |      26 |       1 |   3.7
        D:5 |    1164 |       0 |   0.0 |      30 |       0 |   0.0
        D:6 |     540 |     353 |  39.5 |      12 |       4 |  25.0
        D:7 |    1202 |     992 |  45.2 |      21 |       5 |  19.2
        D:8 |     853 |    2297 |  72.9 |      24 |       1 |   4.0
        D:9 |    1167 |     404 |  25.7 |      30 |       1 |   3.2
       D:10 |    4121 |     368 |   8.2 |      28 |      26 |  48.1
       D:11 |    5557 |     350 |   5.9 |      29 |       1 |   3.3
       D:12 |    2977 |    2579 |  46.4 |      18 |       8 |  30.8
       D:13 |    5869 |       0 |   0.0 |      21 |       0 |   0.0
    Abyss:3 |     896 |       0 |   0.0 |       2 |       0 |   0.0
    Abyss:4 |    2256 |       0 |   0.0 |       8 |       0 |   0.0
      IceCv |       0 |    2453 | 100.0 |       0 |      10 | 100.0
            +---------+---------+-------+---------+---------+-------
